 Dungeon Crawl Stone Soup version 0.24-a0-429-g4608c8fa30 (webtiles) character file.

Game seed: 14444957867155122032

216 Amnesiac the Poker (level 5, -1/38 HPs)
             Began as a Merfolk Skald on June 13, 2019.
             Was an Initiate of Okawaru.
             Slain by a worker ant (4 damage)
             ... on level 6 of the Dungeon.
             The game lasted 00:05:42 (2476 turns).

Amnesiac the Poker (Merfolk Skald)                  Turns: 2476, Time: 00:05:43

Health: -1/38      AC:  5    Str: 11    XL:     5   Next: 93%
Magic:  4/8        EV: 12    Int: 14    God:    Okawaru [......]
Gold:   90         SH:  0    Dex: 15    Spells: 4/8 levels left

rFire    . . .     SeeInvis .   p - +0 trident
rCold    . . .     Gourm    +   (no shield)
rNeg     + . .     Faith    .   b - +0 leather armour
rPois    +         Spirit   .   m - +0 helmet
rElec    .         Reflect  .   o - +0 cloak {rPois}
rCorr    .         Harm     .   (no gloves)
MR       .....                  (no boots)
Stlth    +.........             r - amulet of the gourmand
HPRegen  0.12/turn              i - +2 ring of intelligence
MPRegen  0.11/turn              k - ring of positive energy

@: lethally poisoned (-1 -> -4), very slightly contaminated
A: change form in water, swift swim, stealthy swim
a: Renounce Religion


You were on level 6 of the Dungeon.
You worshipped Okawaru.
Okawaru was noncommittal.
You were full.

You visited 1 branch of the dungeon, and saw 4 of its levels.

You collected 90 gold pieces.

Inventory:

Hand Weapons
 a - a +0 spear
 p - a +0 trident (weapon)
Missiles
 j - 13 poisoned darts (quivered)
Armour
 b - a +0 leather armour (worn)
 m - a +0 helmet (worn)
 o - a +0 cloak of poison resistance (worn)
Jewellery
 i - a +2 ring of intelligence (left hand)
 k - a ring of positive energy (right hand)
 r - an amulet of the gourmand (around neck)
Scrolls
 e - a scroll of teleportation {!r}
 f - a scroll of fear {!r, unknown}
 l - a scroll of fog {!r, unknown}
 n - a scroll of enchant armour {!r}
 s - a scroll of remove curse {!r, unknown}
Potions
 c - a potion of mutation {!q}
 g - a potion of flight {!q}
 h - a potion of heal wounds {!q}
 q - 2 potions of curing {!q}
Comestibles
 d - 3 rations


   Skills:
 - Level 2.1 Fighting
 * Level 6.9 Polearms
 - Level 0.6 Armour
 - Level 2.6 Dodging
 - Level 2.0 Spellcasting
 + Level 2.4 Hexes
 - Level 4.0 Charms


You had 4 spell levels left.
You knew the following spells:

 Your Spells              Type           Power        Failure   Level  Hunger
a - Infusion              Chrm           ##..         6%          1    ##.....
e - Spectral Weapon       Hex/Chrm       ##......     24%         3    ####...

Your spell library contained the following spells:

 Spells                   Type           Power        Failure   Level  Hunger
 Song of Slaying          Chrm           ##......     9%          2    ###....
 Shroud of Golubria       Chrm/Tloc      #.....       21%         2    ###....
 Regeneration             Chrm/Necr      #.........   38%         3    ####...


Dungeon Overview and Level Annotations

Branches:
Dungeon (3/15)

Altars:
Elyvilon
Fedhas
Hepliaklqana
Kikubaaqudgha
Makhleb
Okawaru
Qazlal
Xom
Zin
The Shining One


Message History

You miscast Spectral Weapon.
You are very lightly contaminated with residual magic.
Waves of light ripple over your body.
Casting: Spectral Weapon (safe; 24% risk of failure)
Confirm with . or Enter, or press ? or * to list all spells.
You draw out your weapon's spirit!
Found a leatherbound book.
You hit the phantom.
The phantom is lightly damaged.
The phantom closely misses you.
You hit the phantom.
The phantom is moderately damaged.
You closely miss the phantom.
The phantom is moderately damaged.
The phantom hits you.
You completely miss the phantom.
The phantom is heavily damaged.
The phantom hits you.
You hit the phantom.
The phantom is almost destroyed.
The phantom hits you.
The phantom blinks!
A worker ant comes into view.
The phantom blinks!
Found a ration and 20 stones.
The worker ant twitches its antennae in your direction.
Found a hunting sling.
An orc comes into view.
The worker ant barely misses you.
You hit the worker ant.
The worker ant is moderately wounded.
The phantom blinks!
The worker ant bites you.
* * * LOW HITPOINT WARNING * * *
You are poisoned.
The worker ant poisons you!
You hit the phantom.
The phantom is almost destroyed.
You feel sick. The phantom hits you.
* * * LOW HITPOINT WARNING * * *
The phantom blinks!
The worker ant barely misses you.
You hit the worker ant.
The worker ant is heavily wounded.
The orc shouts!
Your spectral weapon fades away.
An orc wizard comes into view. It is wielding a +0 dagger.
The worker ant bites you.
* * * LOW HITPOINT WARNING * * *
You are too injured to fight recklessly!
The orc wizard shouts!
You hit the worker ant.
The worker ant is heavily wounded.
You feel sick. The worker ant misses you.
An orc comes into view. It is wielding a +0 flail.
You hit the worker ant.
The worker ant is heavily wounded.
The worker ant closely misses you.
An adder skeleton comes into view.
You feel sick. The phantom closely misses you.
The worker ant closely misses you.
The orc wizard gestures at you while chanting.
The magic dart hits you.
* * * LOW HITPOINT WARNING * * *
An orc comes into view. It is wielding a +0 whip.
The worker ant bites you.
You die...

#.. #.. .# ##.###
. .... .#
#####.####.##
.#####...........#
..Zo....@......#
..o....aW....!.#
.o.o...........#
.........#######
...%.......
#...:..^.....
#.............#
+..............
#..(...........


You could see a phantom, a worker ant, an orc wizard, 3 orcs and an adder
skeleton.

Vanquished Creatures
  A scorpion (D:2)
  Jessica (D:2)
  An iguana (D:2)
  Robin (D:3)
  2 adders
  2 worms (D:2)
  2 dart slugs
  3 leopard geckos
  5 orcs
  7 bats
  3 giant cockroaches
  11 goblins
  7 hobgoblins
  3 jackals (D:2)
  10 kobolds
  A ball python (D:1)
  A frilled lizard (D:2)
  5 rats
66 creatures vanquished.

Notes
Turn   | Place    | Note
-------+----------+-------------------------------------------
     0 | D:1      | Amnesiac the Merfolk Skald began the quest for the Orb.
     0 | D:1      | Reached XP level 1. HP: 16/16 MP: 3/3
   223 | D:1      | Reached XP level 2. HP: 15/22 MP: 1/5
   321 | D:2      | Noticed a scorpion
   377 | D:2      | Found a hazy altar of Hepliaklqana.
   410 | D:2      | Reached XP level 3. HP: 25/27 MP: 6/6
   416 | D:2      | Reached skill level 4 in Polearms
   427 | D:2      | Learned a level 3 spell: Spectral Weapon
   491 | D:2      | Found a burning altar of Makhleb.
   552 | D:2      | Noticed Jessica
   563 | D:2      | Killed Jessica
   582 | D:2      | Reached skill level 1 in Hexes
   582 | D:2      | Reached XP level 4. HP: 33/33 MP: 0/7
   647 | D:2      | Reached skill level 5 in Polearms
   757 | D:3      | Reached XP level 5. HP: 37/38 MP: 8/8
   774 | D:3      | Noticed Robin
   808 | D:3      | Found an iron altar of Okawaru.
   816 | D:3      | Became a worshipper of Warmaster Okawaru
   855 | D:3      | Killed Robin
   855 | D:3      | Reached skill level 6 in Polearms
  1047 | D:2      | Found an iron altar of Okawaru.
  1047 | D:2      | Found an ancient bone altar of Kikubaaqudgha.
  1048 | D:2      | Found a glowing silver altar of Zin.
  2213 | D:2      | Found a shimmering altar of Xom.
  2317 | D:3      | Found a glowing golden altar of the Shining One.
  2326 | D:3      | Found a white marble altar of Elyvilon.
  2399 | D:3      | Found a stormy altar of Qazlal.
  2424 | D:3      | Found a blossoming altar of Fedhas.
  2457 | D:3      | You fall into a shaft and drop 3 floors!
  2458 | D:6      | Noticed a phantom
  2476 | D:6      | Slain by a worker ant

Levels and vault maps discovered:
D:1:      lemuel_arrival_river_ford, layout_basic,
          chequers_serial_rivers_small_3
D:2:      layout_rooms, lemuel_crystal_altar,
          gammafunk_temple_overflow_forgotten, xom_redecorated,
          old_standard_altar, kennysheep_generic_room_3, uniq_jessica
D:3:      layout_loops_ring, grunt_temple_overflow_forces_of_nature,
          gammafunk_temple_overflow_pools, okawaru_ov_weapons_minmay, uniq_robin
D:6:      layout_basic, minmay_temple_entry_trees, uniq_eustachio

Skill      XL: |  1  2  3  4  5 |
---------------+----------------+-----
Charms         | 4 |  4.0
Polearms       | 4 5 6 |  6.9
Hexes          | 1 2 |  2.4
Fighting       | |  2.1
Armour         | |  0.6
Dodging        | |  2.6
Spellcasting   | |  2.0

Action                   |  1- 3 |  4- 6 || total
-------------------------+-------+-------++-------
Melee: Spear             |    67 |   187 ||   254
       Trident           |       |    10 ||    10
 Cast: Infusion          |     3 |       ||     3
       Spectral Weapon   |     1 |     6 ||     7
  Use: Scroll            |       |     6 ||     6
  Eat: Chunk             |       |    13 ||    13
Armor: Leather armour    |     6 |    52 ||    58
Dodge: Dodged            |    31 |   113 ||   144

Table legend:
 A = Non-vault XP
 B = Vault XP
 C = Vault XP percentage of total XP
 D = Non-vault monster count
 E = Vault monster count
 F = Vault count percentage of total count
                 A         B        C        D         E       F
            +---------+---------+-------+---------+---------+-------
      Total |     237 |      72 |  23.3 |      54 |      12 |  18.2
            +---------+---------+-------+---------+---------+-------
        D:1 |      33 |       0 |   0.0 |      17 |       0 |   0.0
        D:2 |     157 |      40 |  20.3 |      22 |       2 |   8.3
        D:3 |      47 |      32 |  40.5 |      15 |      10 |  40.0
            +---------+---------+-------+---------+---------+-------
